 Dungeon Crawl Stone Soup version 0.31.0-2-g5a2aebc5c2 (webtiles) character file.

Game seed: 3834798750625140872

39 EnegeticOcto the Trooper (level 3, -16/33 HPs)
             Began as a Minotaur Fighter on Jan 20, 2024.
             Killed by an exploding kobold (49 damage)
             ... ignited by their inner flame
             ... on level 2 of the Dungeon.
             The game lasted 00:00:43 (873 turns).

EnegeticOcto the Trooper (Minotaur Fighter)          Turns: 873, Time: 00:00:43

Health: -16/33     AC:  8    Str: 22    XL:     3   Next: 26%
Magic:  2/2        EV:  9    Int:  5    God:
Gold:   31         SH:  4    Dex:  9    Spells: 2/2 levels left

rFire   . . .        a - +0 war axe (vamp)
rCold   . . .        c - +0 buckler
rNeg    . . .        b - +1 scale mail
rPois   .            (helmet restricted)
rElec   .            (no cloak)
rCorr   .            (no gloves)
SInv    .            (no boots)
Will    .....        (no amulet) Stlth
                     (no ring)
HPRegen 0.25/turn    (no ring)
MPRegen 0.08/turn

%: no passive effects
@: no status effects
A: horns 2, retaliatory headbutt
a: no special abilities


You were on level 2 of the Dungeon.
You visited 1 branch of the dungeon, and saw 2 of its levels.

You collected 31 gold pieces.

Inventory:

Hand Weapons
 a - a +0 vampiric war axe (weapon)
Armour
 b - a +1 scale mail (worn)
 c - a +0 buckler (worn)
Scrolls
 m - a scroll of noise
Potions
 d - a potion of might {@q3}
 g - a potion of enlightenment {unknown}
 i - a potion of curing {unknown}
 j - a potion of brilliance {unknown}


   Skills:
 + Level 4.0 Fighting
 * Level 3.4 Axes
 + Level 4.0 Armour
 + Level 4.0 Shields


You had 2 spell levels left.
You didn't know any spells.
Your spell library was empty.

Dungeon Overview and Level Annotations

Branches:
Dungeon (2/15)

Altars:


Innate Abilities, Weirdness & Mutations

You have a pair of horns on your head.
You reflexively headbutt those who attack you in melee.


Message History

No target in view!
No target in view!
No target in view!
No target in view!
Done exploring.
Done exploring.
You see here a hobgoblin skeleton.
There is a huge open gate here.
There is a huge open gate here.
There is a huge open gate here.
There is a faded altar of an unknown god here.
This altar belongs to (a) Dithmenos, (b) Elyvilon or (c) the Shining One, but you can't tell which.
Press the corresponding letter to learn more about a god, or press enter to convert or escape to cancel.
Okay, then.
The air fills with toxic fumes!
As you read the scroll labelled NUSOGI YHU WUA, it crumbles to dust.
It was a scroll of poison.
As you read the scroll labelled JYSUPI RODUYFUFAO, it crumbles to dust.
You feel strangely unstable.
It was a scroll of teleportation.
As you read the scroll labelled BALLOCR TIKY, it crumbles to dust.
It is a scroll of enchant armour.
Your +0 scale mail glows green for a moment.
As you read the scroll labelled NIUT DIMEO, it crumbles to dust.
It is a scroll of brand weapon.
Your +0 war axe thirsts for the lives of mortals!
a - a +0 vampiric war axe (weapon)
As you read the scroll labelled ZICVUG QYOCLOE, it crumbles to dust.
It is a scroll of identify.
m - a scroll of noise Your surroundings suddenly seem different.
There is an open door here.
There is a stone staircase leading down here.
You climb downwards.
There is a stone staircase leading up here.
As you open the door, it creaks loudly!
An endoplasm and a rat come into view.
The endoplasm quivers.
The rat squeaks loudly.
The rat moves out of view.
Found 18 gold pieces.
An endoplasm is nearby!
A bat comes into view.
The bat hits you but does no damage.
There is an open door here.
The bat hits you but does no damage.
You hit the bat. Your headbutt misses the bat.
The bat is severely wounded.
You slash the endoplasm!
You kill the endoplasm!
The bat hits you. The bat barely misses you. You furiously retaliate!
You headbutt the bat.
You kill the bat!
The rat bites you.
You see here a bat corpse.
A rat is nearby!
A rat is nearby!
You slash the rat!
You kill the rat!
No target in view!
No target in view!
No target in view!
HP restored.
You now have 18 gold pieces (gained 11).
You now have 25 gold pieces (gained 7).
A rat comes into view.
A rat is nearby!
A rat is nearby!
The rat misses you.
You barely miss the rat. Your headbutt misses the rat.
The rat closely misses you.
The rat twitches its whiskers.
The rat bites you but does no damage.
You slash the rat!
You kill the rat!
No target in view!
No target in view!
You now have 31 gold pieces (gained 6).
e - a scroll labelled WUBYD FAZXEBRU
Found an escape hatch in the ceiling.
A rat comes into view.
The rat squeaks loudly.
Found a morningstar.
Found a blue potion.
You block the rat's attack.
You hit the rat.
You kill the rat!
No target in view!
No target in view!
No target in view!
No target in view!
You see here a +0 morningstar.
A kobold comes into view. It is wielding a +0 whip.
The kobold shouts!
You see here a blue potion.
As you read the scroll labelled WUBYD FAZXEBRU, it crumbles to dust.
The creatures around you are filled with an inner flame!
It was a scroll of immolation.
You closely miss the kobold. You headbutt the kobold.
The kobold explodes!
The fiery explosion engulfs you!!!
Ouch! That really hurt!
You die...

############ ..
...........
##..####..........
##. ................
... ........§§§.....
#.< .......§)§.....
#.# #+###...@.§.....
#.# ...#...........
#.#####.##!.#+###+##
#####........)....#
...†.######.###..##
.....# ...........
.....#
####.##.#.....
.....# ..#.......
.....#### #.###....#


There were no monsters in sight!

Vanquished Creatures
  A dart slug (D:1)
  3 ball pythons (D:1)
  3 bats
  3 endoplasms
  5 giant cockroaches (D:1)
  A goblin (D:1)
  4 hobgoblins (D:1)
  4 kobolds
  2 quokkas (D:1)
  2 frilled lizards (D:1)
  6 rats
34 creatures vanquished.

Notes
Turn   | Place    | Note
-------+----------+-------------------------------------------
     0 | D:1      | EnegeticOcto the Minotaur Fighter began the quest for the
                  | Orb.
     0 | D:1      | Reached XP level 1. HP: 19/19 MP: 0/0
   105 | D:1      | Found a faded altar of an unknown god.
   136 | D:1      | Reached XP level 2. HP: 27/27 MP: 1/1
   376 | D:1      | Reached XP level 3. HP: 29/33 MP: 2/2
   873 | D:2      | Killed by an exploding kobold... ignited by their inner
                  | flame

Illustrated notes

Levels and vault maps discovered:
D:1:      minmay_arrival_up_and_down, layout_basic,
          hellmonk_ecumenical_altar_heavens_door, kennysheep_another_room,
          chequers_serial_rivers_micro_e
D:2:      layout_basic, serial_shops, nicolae_shop_pleasant_corner_grove,
          minmay_splitting_lines

Skill      XL: |  1  2  3 |
---------------+----------+-----
Axes           | 3 |  3.4
Fighting       | 4 |  4.0
Shields        | 4 |  4.0
Armour         | 4 |  4.0

Action                     || total
---------------------------++-------
  Melee: War axe           ||    59
         Headbutt          ||     6
    Use: Scroll            ||     6
 Armour: Scale mail        ||    49
  Dodge: Dodged            ||    20
  Block: Buckler           ||    18
